[Event "*** Titled Tuesday Blitz"]
[Site "Chess.com"]
[Date "2018.11.06"]
[Round "4"]
[White "RichardLeyvaP"]
[Black "ajkom197"]
[Result "1-0"]
[WhiteElo "2474"]
[BlackElo "2334"]
[TimeControl "180+2"]
[EndTime "13:49:19 PST"]
[Termination "RichardLeyvaP won by resignation"]

1. e4 e6 2. d4 d5 3. Nc3 Nf6 4. Bg5 Be7 5. e5 Nfd7 6. h4 h6 7. Be3 c5 8. Qg4 Kf8 9. Nf3 Nc6 10.
O-O-O cxd4 11. Bxd4 a6 12. Rh3 b5 13. Rg3 g6 14.
Qf4 Bb7 15. Rxg6 Nxd4 16. Nxd4 Ke8 17. Rg7 Rf8 18. Be2 Bxh4 19. Nxe6 Qe7 20. Nc7+ Kd8 21. Nxa8 Bf6 1-0

[Event "*** Titled Tuesday Blitz"]
[Site "Chess.com"]
[Date "2018.11.06"]
[Round "4"]
[White "Zarikovs1999"]
[Black "Vuk2000"]
[Result "0-1"]
[WhiteElo "2343"]
[BlackElo "2683"]
[TimeControl "180+2"]
[EndTime "13:49:22 PST"]
[Termination "Vuk2000 won by resignation"]

1. Nf3 d5 2. c4 d4 3. e3 c5 4.
exd4 cxd4 5. d3 Nc6 6. g3 e5 7. Bg2 Bd6 8. O-O Nge7 9. a3 a5 10. Re1 O-O 11. Nbd2 Bg4 12. h3 Bh5 13. Ne4 Bc7 14.
Rb1 f5 15. Nc5 Qc8 16. b4 b6 17. Nb3 axb4 18. axb4 Nxb4 19. Nbxd4 Nbc6 20. Nxc6 Nxc6 21. Qb3 Kh8 22. Nh4 Nd4 23. Qb4 Nc2 24. Qd2 Nxe1 25.
Bxa8 Nxd3 26. Qxd3 Qxa8 27. Nxf5 Rd8 28. Qf1 Rd1 29.
Qxd1 Bxd1 30. Be3 Bc2 0-1

[Event "*** Titled Tuesday Blitz"]
[Site "Chess.com"]
[Date "2018.11.06"]
[Round "4"]
[White "pastouche06"]
[Black "Boorchess"]
[Result "1-0"]
[WhiteElo "2444"]
[BlackElo "2432"]
[TimeControl "180+2"]
[EndTime "13:49:29 PST"]
[Termination "pastouche06 won by resignation"]

1. d4 Nf6 2. c4 e6 3. Nc3 Bb4 4. e3 O-O 5. Ne2 Re8 6. a3 Bf8 7. d5 exd5 8. cxd5 d6 9. g3 Nbd7 10. Bg2 g6 11. O-O Bg7 12. e4 a5 13. Be3 Ng4 14.
Bd4 Nge5 15. f4 Ng4 16. h3 Bxd4+ 17. Qxd4 Nh6 18. g4 Nc5 19. Rae1 f6 20. b4 axb4 21.
axb4 Na6 22. Ng3 Nf7 23. Ra1 Bd7 24. Ra3 g5 25. Nh5 gxf4 26. Nxf6+ Kf8 27. Nxh7+ Kg8 28. Nf6+ Kf8 29. Nxe8 Qxe8 30. Rxf4 b5 31. Qh8+ Ke7 32.
Qf6+ Kf8 33. Ra1 Kg8 34. Qg6+ Kf8 35. Raf1 1-0

[Event "*** Titled Tuesday Blitz"]
[Site "Chess.com"]
[Date "2018.11.06"]
[Round "4"]
[White "vpantev"]
[Black "matiss90"]
[Result "0-1"]
[WhiteElo "2524"]
[BlackElo "2420"]
[TimeControl "180+2"]
[EndTime "13:49:48 PST"]
[Termination "matiss90 won by resignation"]

1. d4 Nf6 2. Nf3 g6 3. Bf4 Bg7 4. e3 O-O 5. Be2 d6 6. O-O Nfd7 7. e4 e5 8. dxe5 dxe5 9. Be3 Qe7 10. Nc3 c6 11. a4 Nc5 12. Bg5 f6 13. Be3 Ne6 14.
Bc4 Kh8 15. a5 Nf4 16. Qc1 g5 17. Bxf4 exf4 18. Rd1 Nd7 19. Qd2 g4 20. Nd4 Ne5 21. Bf1 Bh6 22. Nf5 Bxf5 23. exf5 Qg7 24. Ne4 g3 25. f3 gxh2+ 26. Kxh2 Rg8 27. Qf2 Bg5 28.
Nxg5 Qxg5 29. Ra4 Qh5+ 30. Kg1 Nxf3+ 31. Qxf3 Qxf3 0-1

[Event "*** Titled Tuesday Blitz"]
[Site "Chess.com"]
[Date "2018.11.06"]
[Round "4"]
[White "1random"]
[Black "tactics321"]
[Result "1-0"]
[WhiteElo "2487"]
[BlackElo "2333"]
[TimeControl "180+2"]
[EndTime "13:50:03 PST"]
[Termination "1random won by resignation"]

1. e4 c5 2. Nf3 Nc6 3. c3 Nf6 4. e5 Nd5 5. d4 cxd4 6. Bc4 Nb6 7. Bb3 g6 8. Ng5 d5 9. exd6 e6 10. O-O Qxd6 11. Qf3 Qe7 12. Ne4 f5 13. Ng5 Bg7 14. Re1 Ne5 15. Qg3 h6 16. Rxe5 hxg5 17. Bxg5 Qf7 18. cxd4 Bxe5 19. Qxe5 O-O 20. Nc3 Rd8 21.
Bxd8 1-0

[Event "*** Titled Tuesday Blitz"]
[Site "Chess.com"]
[Date "2018.11.06"]
[Round "4"]
[White "Caminator2000"]
[Black "Saitama_Hero"]
[Result "1-0"]
[WhiteElo "2312"]
[BlackElo "2343"]
[TimeControl "180+2"]
[EndTime "13:50:07 PST"]
[Termination "Caminator2000 won by resignation"]

1. d4 Nf6 2. c4 g6 3. Nf3 Bg7 4. Nc3 O-O 5. g3 c5 6. d5 e6 7. Bg2 exd5 8. cxd5 d6 9. O-O a6 10. a4 Re8 11. Nd2 Nbd7 12. Nc4 Nb6 13. Na3 Rb8 14.
Bf4 Nh5 15. Bd2 Qc7 16. Bf3 Bh3 17. Re1 Nf6 18. Bf4 Nfd7 19. a5 Nc8 20. Nc4 b5 21. axb6 Ndxb6 22. Na5 Bd7 23. Nc6 Bxc6 24. dxc6 Nc4 25.
Nd5 Qa7 26. c7 Rxb2 27. Qa4 Rb5 28. Qxc4 Bxa1 29. Rxa1 Nb6 30. Qxb5 1-0

[Event "*** Titled Tuesday Blitz"]
[Site "Chess.com"]
[Date "2018.11.06"]
[Round "4"]
[White "mitrabhaa"]
[Black "Supernotar"]
[Result "1-0"]
[WhiteElo "2611"]
[BlackElo "2336"]
[TimeControl "180+2"]
[EndTime "13:50:08 PST"]
[Termination "mitrabhaa won by resignation"]

1. d4 d5 2. c4 dxc4 3. Nf3 Nf6 4.
e3 e6 5. Bxc4 a6 6. O-O b5 7. Bb3 Bb7 8. Nc3 Nbd7 9. Qe2 c5 10.
Rd1 Qc7 11. e4 cxd4 12. Nxd4 Be7 13. Bg5 O-O 14. Rac1 Nc5 15. e5 Nxb3 16. axb3 Ne8 17. Ncxb5 Qb6 18. Bxe7 axb5 19. Qxb5 Qa7 20. Bxf8 Kxf8 21.
Nc6 Bxc6 22. Qxc6 Kg8 23. Qd7 Qa6 24. h3 Qe2 25. Re1 Qa6 26. Ra1 Qxa1 27. Rxa1 Rxa1+ 28. Kh2 Ra8 29. b4 Kf8 30. b5 Ra2 31. b6 Rxb2 32. b7 g5 33. Qc8 1-0

[Event "*** Titled Tuesday Blitz"]
[Site "Chess.com"]
[Date "2018.11.06"]
[Round "4"]
[White "Alopekos"]
[Black "PowerThinking2650"]
[Result "1-0"]
[WhiteElo "2478"]
[BlackElo "2300"]
[TimeControl "180+2"]
[EndTime "13:50:09 PST"]
[Termination "Alopekos won by resignation"]

1. e4 e5 2. Nf3 Nc6 3. Bb5 a6 4. Ba4 Nf6 5. O-O Be7 6. Re1 b5 7.
Bb3 d6 8. a4 Bb7 9. axb5 axb5 10.
Rxa8 Qxa8 11. Nc3 b4 12. Nd5 Nxd5 13. exd5 Na5 14. Ba4+ c6 15. d4 O-O 16. dxe5 cxd5 17.
e6 d4 18. exf7+ Rxf7 19. Ng5 Bxg2 20. Nxf7 Bh1 21. Nh6+ gxh6 22. Qg4+ Bg5 23. Re8+ 1-0

[Event "*** Titled Tuesday Blitz"]
[Site "Chess.com"]
[Date "2018.11.06"]
[Round "4"]
[White "AkibaRubi"]
[Black "ShadyH9"]
[Result "0-1"]
[WhiteElo "2499"]
[BlackElo "2287"]
[TimeControl "180+2"]
[EndTime "13:50:13 PST"]
[Termination "ShadyH9 won by resignation"]

1. d4 Nf6 2. c4 g6 3. Nc3 Bg7 4. e4 d6 5. Nf3 O-O 6. Bd3 Bg4 7.
O-O Nc6 8. Be2 Nd7 9. h3 Bxf3 10. Bxf3 Nxd4 11. Be3 c5 12. Nb5 Nxf3+ 13. Qxf3 Bxb2 14. Rab1 Bg7 15. Rfd1 a6 16. Na3 Qc7 17. Bg5 Ne5 18. Qe2 h6 19. Bf4 Nc6 20. Rb3 Nd4 21. Rxd4 cxd4 22.
Nc2 e5 23. Bg3 Rac8 24. f4 Qxc4 25. Na3 Qxe2 0-1

[Event "*** Titled Tuesday Blitz"]
[Site "Chess.com"]
[Date "2018.11.06"]
[Round "4"]
[White "albi1999"]
[Black "Caterpiller35"]
[Result "1-0"]
[WhiteElo "2452"]
[BlackElo "2279"]
[TimeControl "180+2"]
[EndTime "13:50:40 PST"]
[Termination "albi1999 won by resignation"]

1. d4 Nf6 2. c4 e6 3. g3 Bb4+ 4. Bd2 a5 5. Bg2 O-O 6. Nf3 Bxd2+ 7. Qxd2 d6 8. Nc3 Nc6 9. O-O e5 10. h3 Bf5 11. Rfe1 exd4 12. Nxd4 Nxd4 13. Qxd4 Re8 14. b3 b6 15. Bxa8 Qxa8 16. Kh2 Bg6 17. Nd5 Nxd5 18. cxd5 Re4 19. Qd2 h5 20. f3 Re5 21.
e4 h4 22. g4 Qd8 23. Qf4 Qe7 24. Rac1 f6 25. Kg2 Be8 26. Kf2 g5 27. Qd2 Kg7 28.
Qc3 Bf7 29. Qxc7 Qe8 30. Qc6 Qe7 31. Qxb6 f5 32. exf5 Qf6 33. Qxa5 Rxe1 34. Qxe1 Qb2+ 35. Kg1 Bxd5 36. Qc3+ Qxc3 37. Rxc3 1-0

[Event "*** Titled Tuesday Blitz"]
[Site "Chess.com"]
[Date "2018.11.06"]
[Round "4"]
[White "xavielhumilde_1999"]
[Black "mc4chess"]
[Result "1-0"]
[WhiteElo "2301"]
[BlackElo "2483"]
[TimeControl "180+2"]
[EndTime "13:50:42 PST"]
[Termination "xavielhumilde_1999 won by resignation"]

1. e4 c5 2. Nf3 e6 3. d4 cxd4 4. Nxd4 a6 5. c4 Qc7 6. Nc3 Nf6 7.
Be2 Bb4 8. O-O Bxc3 9. bxc3 Nxe4 10. Bf3 Nc5 11. Nb3 O-O 12. Nxc5 Qxc5 13. Qb3 Qc7 14. Rd1 d6 15. Ba3 Rd8 16. Rxd6 Rxd6 17. Bxd6 Qxd6 18. Bxb7 Bxb7 19. Qxb7 Qc6 20. Rd1 g6 21. Rd8+ Kg7 22. Qxc6 Nxc6 23. Rxa8 Ne5 24. Rxa6 Nxc4 25. g3 Kf6 26. Kg2 Ke5 27. Rc6 Kd5 28. Rxc4 Kxc4 29. a4 Kc5 30. Kf3 Kb6 31. c4 f6 32. Ke4 h5 33. Kd4 1-0

[Event "*** Titled Tuesday Blitz"]
[Site "Chess.com"]
[Date "2018.11.06"]
[Round "4"]
[White "JonahWillow"]
[Black "Gareth-Bale11"]
[Result "1-0"]
[WhiteElo "2703"]
[BlackElo "2601"]
[TimeControl "180+2"]
[EndTime "13:50:45 PST"]
[Termination "JonahWillow won by resignation"]

1. e4 e5 2. Nf3 Nc6 3. Nc3 Nf6 4.
Bb5 Bd6 5. d3 O-O 6. a3 a6 7. Bc4 h6 8. g4 b5 9. Bb3 Bc5 10. Rg1 d6 11. h3 Be6 12. g5 hxg5 13.
Bxg5 Re8 14. Nd5 Kf8 15. Qd2 Bxd5 16. Bxd5 Qd7 17. Bxf6 gxf6 18. Qh6+ Ke7 19. Rg7 Rf8 20. Nh4 Nd4 21. Ng6+ Kd8 22. Nxf8 Qe8 23. Qxf6+ Kc8 24. O-O-O c6 25. Bxf7 Ne2+ 26. Kb1 Qd8 27. Be6+ 1-0

[Event "*** Titled Tuesday Blitz"]
[Site "Chess.com"]
[Date "2018.11.06"]
[Round "4"]
[White "GukeshDommaraju"]
[Black "DanielNaroditsky"]
[Result "1-0"]
[WhiteElo "2668"]
[BlackElo "2965"]
[TimeControl "180+2"]
[EndTime "13:50:48 PST"]
[Termination "GukeshDommaraju won by resignation"]

1. Nf3 d5 2. g3 g6 3. Bg2 Bg7 4. d4 Nf6 5. O-O O-O 6. c4 dxc4 7. Na3 c3 8. bxc3 c5 9. Re1 Nc6 10. e4 Bg4 11. Bb2 Qb6 12. Rb1 Rad8 13. d5 Ne5 14. c4 Nxf3+ 15. Bxf3 Bxf3 16. Qxf3 Qa6 17. e5 Nd7 18. Qb3 Nb6 19. Nb5 Rc8 20. e6 fxe6 21.
Bxg7 Kxg7 22. Rxe6 Rf7 23. d6 Qa5 24. Qb2+ Kh6 25.
dxe7 Re8 26. Nd6 Rexe7 27. Rxe7 Rxe7 28. Nf5+ gxf5 29. Qf6+ Kh5 30. Qxf5+ Kh6 31. Qf6+ Kh5 32. h3 Re4 33. g4+ Rxg4+ 34. hxg4+ Kxg4 35. Kh2 Qd2 36. Rg1+ Kh5 37. Qf5+ 1-0

[Event "*** Titled Tuesday Blitz"]
[Site "Chess.com"]
[Date "2018.11.06"]
[Round "4"]
[White "Quiet_Desperation"]
[Black "EphiphanyLord"]
[Result "0-1"]
[WhiteElo "2334"]
[BlackElo "2577"]
[TimeControl "180+2"]
[EndTime "13:50:54 PST"]
[Termination "EphiphanyLord won by resignation"]

1. e4 e5 2. Nf3 Nc6 3. Bc4 Bc5 4. b4 Bxb4 5. c3 Be7 6. d4 Na5 7. Nxe5 Nxc4 8. Nxc4 d5 9. exd5 Qxd5 10. Ne3 Qd8 11.
O-O Nf6 12. c4 c6 13. Bb2 O-O 14. Nc3 Re8 15. d5 Bc5 16. Qf3 Bxe3 17. fxe3 Qb6 18. Rab1 Bg4 19. Qg3 Qxe3+ 20. Qxe3 Rxe3 21. d6 Rd3 22. c5 b6 23. Rxf6 gxf6 24. Ne4 Bf5 25. Nxf6+ Kf8 26.
Rf1 Bg6 27. h4 h5 28. Nd7+ Ke8 29. Ne5 Rd2 30. Bc3 Rc2 31. d7+ Ke7 32. Bd4 Be4 33. Rxf7+ Ke6 34. Rg7 bxc5 35. Nf7 cxd4 36. d8=Q Rxd8 37.
Nxd8+ Kf6 0-1

[Event "*** Titled Tuesday Blitz"]
[Site "Chess.com"]
[Date "2018.11.06"]
[Round "4"]
[White "tomozupan"]
[Black "dhanushbharadwaj"]
[Result "0-1"]
[WhiteElo "2175"]
[BlackElo "2493"]
[TimeControl "180+2"]
[EndTime "13:50:57 PST"]
[Termination "dhanushbharadwaj won by resignation"]

1. d4 Nf6 2. Bg5 d5 3. Bxf6 exf6 4. c4 c6 5. e3 Be6 6. Ne2 Nd7 7. Nf4 Bf5 8. Nc3 Bd6 9. cxd5 Bxf4 10. exf4 cxd5 11. Qe2+ Kf8 12. Qb5 g6 13. Be2 Kg7 14. O-O Nb6 15. Bf3 a6 16. Qb3 Nc4 17. Rad1 b5 18. Bxd5 Rb8 19. Rfe1 Qd6 20. g3 Rhc8 21. Bf3 b4 22.
Na4 Na5 23. Qd5 Qxd5 24. Bxd5 Bc2 25. Nc5 Bxd1 26. Rxd1 Rd8 27. Bf3 Rbc8 28. Nxa6 b3 29. axb3 Nxb3 30. d5 Rc2 31. d6 Rd2 32. Rxd2 Nxd2 33.
b4 Nxf3+ 0-1

[Event "*** Titled Tuesday Blitz"]
[Site "Chess.com"]
[Date "2018.11.06"]
[Round "4"]
[White "kharov2001"]
[Black "BjarkeSahl"]
[Result "0-1"]
[WhiteElo "2215"]
[BlackElo "2170"]
[TimeControl "180+2"]
[EndTime "13:50:58 PST"]
[Termination "BjarkeSahl won by resignation"]

1. e4 c5 2. Nf3 Nc6 3. Bb5 g6 4. Bxc6 dxc6 5. d3 c4 6. dxc4 Qxd1+ 7. Kxd1 Bg7 8. c3 Be6 9. b3 Nf6 10. Nbd2 Ng4 11. Kc2 Nxf2 12. Rf1 Ng4 13. Re1 O-O-O 14. Ng5 Nxh2 15. Nxe6 fxe6 16. Ba3 Rd7 17. Rh1 Ng4 18. Nf3 h5 19. Rae1 Rhd8 20. Re2 e5 21. Ng5 Bf6 22. Ne6 Rg8 23. Rb1 b6 24. Rd1 Rxd1 25. Kxd1 Kd7 0-1

[Event "*** Titled Tuesday Blitz"]
[Site "Chess.com"]
[Date "2018.11.06"]
[Round "4"]
[White "Bauxi435"]
[Black "nOcHeaTiNgKiD"]
[Result "1-0"]
[WhiteElo "2437"]
[BlackElo "2449"]
[TimeControl "180+2"]
[EndTime "13:51:08 PST"]
[Termination "Bauxi435 won by resignation"]

1. d4 d5 2. c4 e6 3. Nc3 Nf6 4. cxd5 exd5 5. Bg5 c6 6. e3 Be7 7. Bd3 Nbd7 8. Nge2 Nh5 9. Bxe7 Qxe7 10. g4 Nhf6 11. Ng3 Nb6 12. h3 g6 13. Qc2 Bd7 14. g5 Ng8 15. h4 O-O-O 16. O-O-O h6 17. h5 Qxg5 18. hxg6 fxg6 19. Bxg6 Ne7 20. Bd3 Rhf8 21. Nh5 Qg2 22. Nf4 Qg5 23. Rdg1 Qf6 24. a4 Nc4 25.
Bxc4 dxc4 26. Ne4 Qh8 27. Qxc4 Kb8 28. Qc5 Nd5 29. Qd6+ Ka8 30. Rxh6 Qxd4 1-0

[Event "*** Titled Tuesday Blitz"]
[Site "Chess.com"]
[Date "2018.11.06"]
[Round "4"]
[White "RaphaeI"]
[Black "Zhuu96"]
[Result "1-0"]
[WhiteElo "2568"]
[BlackElo "2849"]
[TimeControl "180+2"]
[EndTime "13:51:09 PST"]
[Termination "RaphaeI won by resignation"]

1. Nf3 Nf6 2. c4 e6 3. g3 d5 4. Bg2 Be7 5. O-O O-O 6. d4 c6 7. Qc2 b6 8. Nbd2 Bb7 9. e4 Na6 10. Rd1 Rc8 11. b3 Nb4 12. Qb1 c5 13. exd5 exd5 14.
a3 Nc6 15. Bb2 cxd4 16. Nxd4 Nxd4 17. Bxd4 Bc5 18. Nf1 Qe7 19. Ne3 Bxd4 20. Rxd4 dxc4 21. Nf5 Qc7 22. Rxc4 Qd7 23. Rd4 Qc7 24. Bxb7 Qxb7 25. Nd6 Qd7 26. Qd3 Rcd8 27. Rd1 Qh3 28. Qc4 h6 29.
Nxf7 Rxd4 30. Rxd4 Qh5 31. Ne5+ Kh8 32. f4 Ng4 33. Qe2 Qf5 34. Qxg4 Qb1+ 35. Qd1 1-0

[Event "*** Titled Tuesday Blitz"]
[Site "Chess.com"]
[Date "2018.11.06"]
[Round "4"]
[White "bascheyaro"]
[Black "GianmarcoVaR"]
[Result "1-0"]
[WhiteElo "2724"]
[BlackElo "2514"]
[TimeControl "180+2"]
[EndTime "13:51:11 PST"]
[Termination "bascheyaro won by checkmate"]

1. d4 Nf6 2. Nf3 e6 3. Bg5 c5 4. e3 b6 5. Nbd2 Bb7 6. Bd3 Be7 7. O-O O-O 8. c3 Nc6 9. e4 cxd4 10. cxd4 Nb4 11.
Bb1 Ba6 12. Re1 Rc8 13. e5 Nfd5 14. Bxe7 Qxe7 15. Ne4 Nf4 16. Nd6 Rc6 17. Qd2 Nbd3 18. Bxd3 Nxd3 19. Re3 Nf4 20. Ra3 b5 21. Qxf4 f6 22. Qe3 Rxd6 23. exd6 Qxd6 24. Rc3 Bb7 25. Rac1 a5 26. Rc5 Bc6 27. h3 g5 28. a3 Rf7 29. b4 a4 30. Nd2 f5 31. Nf3 Bxf3 32.
Qxf3 Qxd4 33. Qe3 Qb2 34. Rc8+ Rf8 35. Qxg5+ Kf7 36. Rxf8+ Kxf8 37. Qd8+ Kf7 38. Qxd7+ Kf6 39. Qd8+ Kg6 40. Qg8+ Kh6 41. Qxe6+ Kg5 42. h4+ Kxh4 43.
Qh6+ Kg4 44. f3+ Kg3 45. Qg5# 1-0

[Event "*** Titled Tuesday Blitz"]
[Site "Chess.com"]
[Date "2018.11.06"]
[Round "4"]
[White "Karina_Oparina"]
[Black "armago"]
[Result "1-0"]
[WhiteElo "2184"]
[BlackElo "2027"]
[TimeControl "180+2"]
[EndTime "13:51:16 PST"]
[Termination "Karina_Oparina won by resignation"]

1. Nf3 Nf6 2. g3 g6 3. Bg2 Bg7 4. O-O O-O 5. c4 c5 6. d4 cxd4 7. Nxd4 Nc6 8. Nc3 d6 9. Nxc6 bxc6 10. Bxc6 Bh3 11. Bg2 Bxg2 12. Kxg2 Qc8 13. Qd3 Nd7 14. b3 Qc6+ 15. f3 Rfc8 16. Bb2 e6 17. Rad1 Ne5 18. Qxd6 Ng4 19. Qf4 h5 20. Rd3 Bh6 21. Qd4 e5 22.
Qg1 Rd8 23. Nd5 Rxd5 24. cxd5 Qc2 25. fxg4 Qxe2+ 26. Qf2 Qxd3 27. Qxf7+ 1-0

[Event "*** Titled Tuesday Blitz"]
[Site "Chess.com"]
[Date "2018.11.06"]
[Round "4"]
[White "Chopper1905"]
[Black "MatyChess1"]
[Result "1-0"]
[WhiteElo "2677"]
[BlackElo "2512"]
[TimeControl "180+2"]
[EndTime "13:51:22 PST"]
[Termination "Chopper1905 won by resignation"]

1. d4 Nf6 2. c4 e6 3. Nf3 Bb4+ 4.
Nbd2 d6 5. Qc2 Nc6 6. a3 Bxd2+ 7.
Bxd2 e5 8. d5 Ne7 9. e4 O-O 10. g3 c6 11. Bg2 cxd5 12. cxd5 a5 13.
O-O Bd7 14. a4 Rc8 15. Bc3 Ne8 16. Qb3 f5 17. Nxe5 dxe5 18. d6+ Kh8 19. dxe7 Qxe7 20. exf5 Bc6 21. Rfe1 Rxf5 22. Bxc6 Rxc6 23. Qd5 Nf6 24.
Qxa5 Ng4 25. Re2 h6 26. h3 Nf6 27. Rxe5 Re6 28. Rxf5 1-0

[Event "*** Titled Tuesday Blitz"]
[Site "Chess.com"]
[Date "2018.11.06"]
[Round "4"]
[White "KenanGarayev"]
[Black "Firouzja2003"]
[Result "1/2-1/2"]
[WhiteElo "2756"]
[BlackElo "2951"]
[TimeControl "180+2"]
[EndTime "13:51:26 PST"]
[Termination "Game drawn by agreement"]

1. d4 Nf6 2. Bg5 e6 3. e4 h6 4. Bxf6 Qxf6 5. Nc3 d6 6. Qd2 a6 7. f4 g5 8. Nge2 gxf4 9. Qxf4 Qxf4 10. Nxf4 Nc6 11. d5 Nd4 12. O-O-O e5 13. Nfe2 Nxe2+ 14. Bxe2 h5 15. Rhf1 Ke7 16. h4 Bh6+ 17. Kb1 Bf4 18. Rd3 Rg8 19. Bf3 Bg4 20. Ne2 Bxf3 21. Rdxf3 Rxg2 22. Nxf4 exf4 23. Rxf4 Rf8 24. Rf5 Rg4 25. Rxh5 Rxe4 26.
Rh7 Re5 27. c4 b5 28. Rf4 Re2 29. h5 bxc4 30. h6 c3 31. bxc3 Rh2 32. Re4+ Kd7 33. Rf4 Ke7 34. Re4+ Kd8 35. Rf4 Re8 36. Rf1 Ree2 37.
Rhxf7 Kc8 38. h7 Kb7 39. R7f2 Rexf2 40. Rxf2 Rxh7 41. Rb2+ Ka7 42. Kc2 Rh2+ 43. Kb3 Rxb2+ 44. Kxb2 Kb6 45. c4 c6 46. dxc6 Kxc6 47. Kc3 Kc5 48. a3 a5 49. a4 Kb6 50. Kd4 Kc6 51. Kd3 Kc7 52. Kd4 Kc6 53. Kd3 1/2-1/2

[Event "*** Titled Tuesday Blitz"]
[Site "Chess.com"]
[Date "2018.11.06"]
[Round "4"]
[White "dragosceres"]
[Black "Zq1"]
[Result "0-1"]
[WhiteElo "2405"]
[BlackElo "2497"]
[TimeControl "180+2"]
[EndTime "13:51:27 PST"]
[Termination "Zq1 won by checkmate"]

1. e4 c5 2. Nf3 d6 3. Bb5+ Bd7 4. c4 Nc6 5. Nc3 Nf6 6. d4 g6 7. O-O cxd4 8. Nxd4 Bg7 9. f3 Nxd4 10. Qxd4 Bxb5 11. cxb5 O-O 12. Qd3 Nd7 13. Be3 Re8 14. Rf2 Rc8 15. Rd1 Qa5 16. Bd4 Ne5 17. Qb1 Nc4 18. Bxg7 Kxg7 19.
b4 Qa3 20. Nd5 f6 21. Rd3 Qa4 22. Nc3 Qa3 23. Nd5 Qa4 24. Nc3 Na3 25. Qb2 Rxc3 26. Rxc3 Qd1+ 27. Rf1 Qd4+ 28. Kh1 Nxb5 29. Rc2 Qd3 30.
Rd2 Qxf1# 0-1

[Event "*** Titled Tuesday Blitz"]
[Site "Chess.com"]
[Date "2018.11.06"]
[Round "4"]
[White "Alohamora11"]
[Black "Maikrosoft63"]
[Result "0-1"]
[WhiteElo "2314"]
[BlackElo "2535"]
[TimeControl "180+2"]
[EndTime "13:51:28 PST"]
[Termination "Maikrosoft63 won on time"]

1. e4 c5 2. Nf3 Nc6 3. d4 cxd4 4. Nxd4 Nf6 5. Nc3 d6 6. h3 e5 7. Nde2 h6 8. g4 Be7 9. Be3 Be6 10. f4 exf4 11.
Nxf4 Ne5 12. Nxe6 fxe6 13. Bg2 O-O 14. O-O Nfd7 15. Rxf8+ Kxf8 16. Ne2 Kg8 17. Nf4 Nf8 18. Bd4 Bf6 19. Qe2 Nf3+ 20. Qxf3 Bxd4+ 21. Kh1 Bxb2 22. Rb1 Bd4 23. Qb3 Qf6 24. Nh5 Qe5 25. Qxb7 Rd8 26.
Rf1 Rd7 27. Qc8 Rf7 28. Rxf7 Kxf7 29. Qc7+ Kg8 30. Qe7 g6 31. c3 Bxc3 0-1

[Event "*** Titled Tuesday Blitz"]
[Site "Chess.com"]
[Date "2018.11.06"]
[Round "4"]
[White "nochewycandy"]
[Black "chesstatour"]
[Result "1-0"]
[WhiteElo "2180"]
[BlackElo "2083"]
[TimeControl "180+2"]
[EndTime "13:51:29 PST"]
[Termination "nochewycandy won on time"]

1. e4 c6 2. Nc3 d5 3. Nf3 dxe4 4. Nxe4 Nf6 5. Nxf6+ gxf6 6. d4 Bg4 7. Be3 e6 8.
h3 Bf5 9. g3 Nd7 10. Bg2 Nb6 11.
O-O h5 12. Nh4 Bh7 13. Qxh5 Bg7 14. Qg4 Rg8 15. Qe2 Nd5 16. c4 Nxe3 17. Qxe3 f5 18. Nf3 Qf6 19. d5 f4 20. Qb3 cxd5 21. Qxb7 Rd8 22.
cxd5 fxg3 23. fxg3 Rxd5 24. Rac1 Rd8 25. Ne5 1-0

[Event "*** Titled Tuesday Blitz"]
[Site "Chess.com"]
[Date "2018.11.06"]
[Round "4"]
[White "eljanov"]
[Black "PaulfromSPb"]
[Result "1/2-1/2"]
[WhiteElo "2813"]
[BlackElo "2525"]
[TimeControl "180+2"]
[EndTime "13:51:30 PST"]
[Termination "Game drawn by agreement"]

1. c4 e5 2. Nc3 d6 3. Nf3 f5 4. g3 Nf6 5. d4 e4 6. Nh4 Be7 7. Bg5 O-O 8. e3 Be6 9. d5 Bc8 10. Qc2 Ng4 11. Bxe7 Qxe7 12. Be2 Ne5 13. Ng2 a5 14. h4 Na6 15. Nf4 Nc5 16. O-O-O a4 17.
Kb1 Bd7 18. Nb5 Rfc8 19. Nd4 Ra6 20. h5 h6 21. Rhg1 Qf6 22. Qc3 Rb6 23. Rd2 Ra8 24.
Rc1 Kh7 25. Rcc2 Kg8 26. Kc1 Kh7 27. Kd1 Rc8 28. Ke1 Na6 29. Rc1 Nb4 30. Ra1 Na6 31. Kf1 Nc5 32. Kg2 Ra8 33. Rb1 Nf7 34. Rc2 Ne5 35.
Rbc1 Nf7 36. Rb1 Ne5 37. Rbc1 Nf7 1/2-1/2

[Event "*** Titled Tuesday Blitz"]
[Site "Chess.com"]
[Date "2018.11.06"]
[Round "4"]
[White "NTBT_DHS"]
[Black "ohusbands"]
[Result "1-0"]
[WhiteElo "2737"]
[BlackElo "2529"]
[TimeControl "180+2"]
[EndTime "13:51:30 PST"]
[Termination "NTBT_DHS won by resignation"]

1. d4 Nf6 2. c4 e6 3. Nf3 d5 4. g3 dxc4 5. Bg2 Bb4+ 6. Bd2 a5 7. O-O O-O 8. Qc2 b5 9. a4 c6 10. e4 Bb7 11. Nc3 Bxc3 12. bxc3 Nbd7 13. e5 Nd5 14. Ng5 g6 15. Ne4 Ba6 16. axb5 cxb5 17. Bg5 Qc7 18.
Qd2 b4 19. Bf6 N5xf6 20. Nxf6+ Nxf6 21. exf6 Kh8 22. Qh6 Rg8 23. Bxa8 b3 24. Be4 Bb5 25. Qg5 Rb8 26. Qe5 Qxe5 27. dxe5 a4 28. Rfd1 h5 29. f4 Rb6 30. Rd8+ Kh7 31. Rf8 Bc6 32. Rxf7+ Kh6 33. Bxc6 b2 34. Rb1 a3 35. Ra7 Rb3 36. Ra8 Kh7 37. f7 Rxc3 38. f8=Q Rc1+ 39. Kg2 1-0

[Event "*** Titled Tuesday Blitz"]
[Site "Chess.com"]
[Date "2018.11.06"]
[Round "4"]
[White "florianschwabeneder"]
[Black "MFBerna"]
[Result "1-0"]
[WhiteElo "2487"]
[BlackElo "2360"]
[TimeControl "180+2"]
[EndTime "13:51:30 PST"]
[Termination "florianschwabeneder won by resignation"]

1. e4 c6 2. d4 d5 3. exd5 cxd5 4. Nf3 Nf6 5. Ne5 Nc6 6. c3 g6 7. Bb5 Bd7 8. Nxd7 Qxd7 9. O-O Bg7 10. Re1 O-O 11.
Nd2 a6 12. Bd3 Rfe8 13. Nf3 b5 14. a3 e6 15. Bf4 Qb7 16. Qe2 Na5 17. Ne5 Nc4 18.
h4 a5 19. a4 bxa4 20. Nxc4 dxc4 21. Bxc4 Nd5 22. Bc1 Bf6 23. h5 e5 24. Qf3 exd4 25. Bh6 dxc3 26. Bxd5 cxb2 27. Qxf6 bxa1=Q 28. Rxa1 Qb2 1-0

[Event "*** Titled Tuesday Blitz"]
[Site "Chess.com"]
[Date "2018.11.06"]
[Round "4"]
[White "Mbneu"]
[Black "lucasmito"]
[Result "0-1"]
[WhiteElo "2283"]
[BlackElo "2467"]
[TimeControl "180+2"]
[EndTime "13:51:31 PST"]
[Termination "lucasmito won by resignation"]

1. d4 Nf6 2. c4 g6 3. Nc3 Bg7 4. e4 d6 5. f4 O-O 6. Nf3 Na6 7. e5 Nd7 8. Bd3 c5 9. d5 dxe5 10. f5 gxf5 11. Bxf5 Nb6 12. Qc2 Bxf5 13. Qxf5 Qc8 14. Qh5 Nxc4 15. O-O f6 16. Nh4 Qe8 17. Qg4 Nd6 18.
Bh6 Qf7 19. Rae1 Kh8 20. Bd2 f5 21. Qh3 e4 22. Bf4 Qh5 23. Bxd6 exd6 24. Rxf5 Bd4+ 25. Kh1 Rxf5 26. Nxf5 Qxh3 27. gxh3 e3 28. Nxe3 Re8 29. Nc2 Rxe1+ 30. Nxe1 Nb4 31. a3 Bxc3 32. bxc3 Nxd5 33. c4 Ne3 0-1

[Event "*** Titled Tuesday Blitz"]
[Site "Chess.com"]
[Date "2018.11.06"]
[Round "4"]
[White "AttackSparrow"]
[Black "aRk_iN"]
[Result "0-1"]
[WhiteElo "2202"]
[BlackElo "2196"]
[TimeControl "180+2"]
[EndTime "13:51:31 PST"]
[Termination "aRk_iN won by checkmate"]

1. d4 d5 2. c4 c6 3. Nf3 Nf6 4. e3 Bf5 5. Nc3 a6 6. h3 h6 7. b3 Nbd7 8. Bb2 e6 9. Bd3 Bxd3 10. Qxd3 Be7 11. O-O O-O 12. Rfe1 b5 13. Rac1 Qb6 14. Ba1 Rfc8 15. e4 b4 16. e5 bxc3 17. exf6 Bxf6 18. Bxc3 a5 19. Nh2 Be7 20. Ng4 Nf6 21. Ne5 Ne4 22.
Qf3 Bf6 23. Ba1 Rc7 24. Red1 Rac8 25. Ng4 Qb4 26. Qe3 Bg5 27. f4 Bh4 28. Kh2 f5 29.
Ne5 Bg3+ 30. Kh1 Nf2+ 31. Kg1 Ne4 32. Nd3 Qe7 33. Rf1 Qh4 34. Rf3 g5 35. Rcf1 g4 36.
hxg4 Qh2# 0-1